 Dungeon Sprint DCSS version 0.17-a0-1667-g4ca74a1 (webtiles) character file.

7196 Kidiri the Blocker (level 10, 0/96 HPs)
             Began as a Minotaur Fighter on Aug 17, 2015.
             Was a High Priest of Okawaru.
             Killed from afar by a lindwurm (30 damage)
             ... with a blast of flame
             ... in the Dungeon (Sprint VII: "The Pits").
             The game lasted 00:14:10 (3077 turns).

Kidiri the Blocker (Minotaur Fighter)               Turns: 3077, Time: 00:14:11

Health: 0/96       AC: 19    Str: 24    XL:     10   Next: 87%
Magic:  15/15      EV: 13    Int: 11    God:    Okawaru [*****.]
Gold:   0          SH: 14    Dex: 12    Spells: 0 memorised, 9 levels left

rFire  . . .     SeeInvis .     a - +0 broad axe (freeze)
rCold  . . .     Clarity  .     u - +3 chain mail
rNeg   . . .     SustAt   .     c - +0 shield
rPois  .         Gourm    .     y - +2 hat
rElec  .         Spirit   .     (no cloak)
rCorr  .         Warding  .     (no gloves)
rMut   .         NoTele   +     (no boots)
MR     +....                    (no amulet)
Stlth  ..........               s - +3 ring of intelligence
                                l - +3 ring of intelligence

@: somewhat resistant to hostile enchantments, extremely unstealthy
A: retaliatory headbutt, horns 2, molten scales 1, agile 1, magic resistance 1,
evolution 1
a: Heroism, Finesse, Renounce Religion


You were in the Dungeon.
You worshipped Okawaru.
Okawaru was extremely pleased with you.
You were not hungry.

You visited 1 branch

Inventory:

Hand weapons
 a - a +0 broad axe of freezing (weapon)
Armour
 c - a +0 shield (worn)
 u - a +3 chain mail (worn)
 y - a +2 hat (worn)
Jewellery
 l - a +3 ring of intelligence (left hand)
 s - a +3 ring of intelligence (right hand)
Scrolls
 k - a scroll of blinking
 p - 3 scrolls of remove curse
 q - 5 scrolls of amnesia
 r - a scroll of summoning
Potions
 d - 2 potions of might
 f - 4 potions of curing
 h - a potion of haste
 i - 4 potions of magic
 j - 3 potions of berserk rage
 o - 2 potions of invisibility
 t - 3 potions of cure mutation
 v - 2 potions of brilliance
 w - a potion of resistance
Comestibles
 e - 6 bread rations
 g - 2 chunks of flesh
 m - 40 fruits
 n - 7 meat rations


   Skills:
 + Level 11.4 Fighting
 * Level 14.5 Axes
 * Level 14.7 Armour
 + Level 9.7 Dodging
 * Level 14.8 Shields
 + Level 8.9 Invocations


You had 9 spell levels left.
You didn't know any spells.

Dungeon Overview and Level Annotations

Branches:
Dungeon (1/1)

Altars:
Ashenzari
Cheibriados
Dithmenos
Elyvilon
Fedhas
Gozag
Kikubaaqudgha
Makhleb
Nemelex Xobeh
Okawaru
Qazlal
Ru
Sif Muna
Trog
Vehumet
Xom
Yredelemnul
Zin
The Shining One
Beogh
Jiyva
Lugonu


Innate Abilities, Weirdness & Mutations

You reflexively headbutt those who attack you in melee.
You have a pair of horns on your head.
You are partially covered in molten scales (AC +1).
You are agile. (Dex +2)
You are resistant to hostile enchantments.
You evolve.


Message History

The ogre is moderately wounded.
You hit the lindwurm. You freeze the lindwurm.
The lindwurm is moderately wounded.
You block the black draconian's attack. The lindwurm closely misses you.
You furiously retaliate!
You headbutt the lindwurm, but do no damage.
The lindwurm claws you. The lindwurm barely misses you.
The ogre closely misses you.
You barely miss the lindwurm.
You headbutt the lindwurm, but do no damage.
The lindwurm is moderately wounded.
You completely miss the black draconian.
The black draconian is moderately wounded.
You hit the ogre. You freeze the ogre.
The ogre is heavily wounded.
The black draconian misses you. You furiously retaliate!
You headbutt the black draconian. The lindwurm breathes flames at you.
The blast of flame hits you!
You die...

...##..+...#
..##...#..## .##
.##...##..# ..##
.#...##...+ ...#
.').##....### ...##
##..#.......### p...#
#...+.........## ....#
....#....####..##k...#+
.#..##..##..##..@dZ...#
###..##.+))..+..#O.....#
#.##..#.##..##..#.......
..)+..+..####...##...###
..[#).##.........##.##
################## ##


You could see a black draconian, a lindwurm, a necromancer, an ogre and a jackal
simulacrum.

Vanquished Creatures
  Gastronok (D)
  A merfolk aquamancer (D)
  An unseen horror (D)
  A flayed ghost (D)
  A hornet (D)
  A manticore (D)
  An orange demon (D)
  A smoke demon (D)
  2 merfolk (D)
  A polar bear (D)
  A guardian mummy (D)
  A snapping turtle (D)
  A ynoxinul (D)
  A water elemental (D)
  2 deep elf fighters (D)
  A soldier ant (D)
  A phantom (D)
  A sky beast (D)
  An ogre (D)
  A gnoll sergeant (D)
  6 killer bees (D)
  A quasit (D)
  A gnoll shaman (D)
  An iguana (D)
  An orc wizard (D)
  10 gnolls (D)
  A river rat (D)
  An adder (D)
  An ufetubus (D)
  An adder skeleton (D)
  A giant gecko (D)
  9 orcs (D)
  A bat zombie (D)
  3 jackals (D)
  A quokka (D)
  A giant cockroach (D)
  A giant gecko skeleton (D)
  A giant newt (D)
  A goblin (D)
  2 rats (D)
67 creatures vanquished.

Notes
Turn   | Place    | Note
--------------------------------------------------------------
     0 | D        | Kidiri the Minotaur Fighter began the quest for the Orb.
     0 | D        | Reached XP level 1. HP: 19/19 MP: 0/0
    59 | D        | Found a sacrificial altar of Ru.
    59 | D        | Found a basalt altar of Yredelemnul.
    59 | D        | Found a shadowy altar of Dithmenos.
    59 | D        | Found a deep blue altar of Sif Muna.
    59 | D        | Found a burning altar of Makhleb.
    59 | D        | Found a shimmering altar of Xom.
    59 | D        | Found an ancient bone altar of Kikubaaqudgha.
    59 | D        | Found a sparkling altar of Nemelex Xobeh.
    60 | D        | Found a glowing golden altar of the Shining One.
    60 | D        | Found a bloodstained altar of Trog.
    60 | D        | Found a shattered altar of Ashenzari.
    60 | D        | Found a white marble altar of Elyvilon.
    60 | D        | Found a snail-covered altar of Cheibriados.
    60 | D        | Found a blossoming altar of Fedhas.
    60 | D        | Found a radiant altar of Vehumet.
    60 | D        | Found a glowing silver altar of Zin.
    60 | D        | Found a corrupted altar of Lugonu.
    60 | D        | Found a viscous altar of Jiyva.
    60 | D        | Found a roughly hewn altar of Beogh.
    60 | D        | Found an iron altar of Okawaru.
    66 | D        | Found a stormy altar of Qazlal.
    66 | D        | Found an opulent altar of Gozag.
    69 | D        | Became a worshipper of Warmaster Okawaru
    89 | D        | Reached skill level 4 in Fighting
    94 | D        | Reached skill level 1 in Dodging
    94 | D        | Reached skill level 1 in Invocations
    94 | D        | Reached XP level 2. HP: 27/27 MP: 1/1
   276 | D        | Noticed a gnoll shaman
   281 | D        | Reached XP level 3. HP: 31/34 MP: 3/3
   289 | D        | Reached skill level 5 in Armour
   289 | D        | Reached skill level 5 in Shields
   295 | D        | Killed a gnoll shaman
   295 | D        | Reached skill level 5 in Fighting
   295 | D        | Reached skill level 5 in Axes
   295 | D        | Reached XP level 4. HP: 12/42 MP: 4/4
   298 | D        | Reached skill level 6 in Shields
   522 | D        | Noticed an iguana
   523 | D        | Noticed a gnoll sergeant
   536 | D        | Killed an iguana
   552 | D        | Killed a gnoll sergeant
   552 | D        | Reached skill level 7 in Armour
   552 | D        | Reached XP level 5. HP: 35/50 MP: 6/6
   566 | D        | Acquired Okawaru's first power
   582 | D        | Reached skill level 8 in Shields
   680 | D        | Noticed a sky beast
   683 | D        | Killed a sky beast
   683 | D        | Reached XP level 6. HP: 58/58 MP: 6/8
   687 | D        | Gained mutation: You evolve. [mutagenic meat]
   688 | D        | Gained mutation: You can breathe flames. [mutagenic meat]
   689 | D        | Gained mutation: You are agile. (Dex +2) [mutagenic meat]
   690 | D        | Lost mutation: You can breathe flames. [mutagenic meat]
   691 | D        | Gained mutation: You are partially covered in molten scales (AC +1). [mutagenic meat]
   692 | D        | Gained mutation: You are resistant to hostile enchantments. [mutagenic meat]
   701 | D        | Noticed a phantom
   709 | D        | Noticed an orc wizard
   716 | D        | Killed an orc wizard
   731 | D        | Killed a phantom
   731 | D        | Reached skill level 9 in Armour
   773 | D        | Noticed a soldier ant
   773 | D        | Noticed a flayed ghost
   785 | D        | Killed a flayed ghost
   785 | D        | Reached skill level 10 in Axes
   785 | D        | Reached skill level 10 in Armour
   785 | D        | Reached skill level 10 in Shields
   785 | D        | Reached skill level 5 in Invocations
   785 | D        | Reached XP level 7. HP: 37/68 MP: 8/10
   787 | D        | Killed a soldier ant
   787 | D        | Reached XP level 8. HP: 40/74 MP: 8/11
  1017 | D        | Noticed an orange demon
  1018 | D        | Noticed a smoke demon
  1027 | D        | Killed a smoke demon
  1027 | D        | Reached skill level 11 in Armour
  1032 | D        | Killed an orange demon
  1325 | D        | Noticed a snapping turtle
  1347 | D        | Killed a snapping turtle
  1348 | D        | Noticed Gastronok
  1348 | D        | Noticed a polar bear
  1361 | D        | Killed a polar bear
  1361 | D        | Reached XP level 9. HP: 64/83 MP: 11/13
  1367 | D        | HP: 1/83 [Gastronok (25)]
  1379 | D        | Killed Gastronok
  1379 | D        | Acquired Okawaru's second power
  1379 | D        | Received a gift from Okawaru
  1379 | D        | Reached skill level 10 in Fighting
  1379 | D        | Reached skill level 12 in Axes
  1379 | D        | Reached skill level 13 in Armour
  1570 | D        | Noticed an ogre
  1576 | D        | Killed an ogre
  2064 | D        | Killed an unseen horror
  2064 | D        | Reached XP level 10. HP: 53/94 MP: 14/14
  2242 | D        | Noticed a merfolk aquamancer
  2242 | D        | Noticed a merfolk
  2242 | D        | Noticed a water elemental
  2242 | D        | Noticed a merfolk
  2242 | D        | Noticed a hornet
  2242 | D        | Noticed a deep elf fighter
  2251 | D        | Killed a merfolk aquamancer
  2260 | D        | Killed a deep elf fighter
  2271 | D        | Killed a merfolk
  2271 | D        | Reached skill level 14 in Shields
  2272 | D        | Killed a merfolk
  2275 | D        | Killed a water elemental
  2276 | D        | Paralysed by a hornet for 3 turns
  2280 | D        | Paralysed by a hornet for 2 turns
  2283 | D        | Killed a hornet
  2601 | D        | Noticed a guardian mummy
  2610 | D        | Killed a guardian mummy
  2686 | D        | Noticed a manticore
  2690 | D        | Noticed a ynoxinul
  2695 | D        | Killed a manticore
  2695 | D        | Killed a ynoxinul
  2695 | D        | Received a gift from Okawaru
  2698 | D        | Got a dazzling hand axe {god gift}
  2699 | D        | Identified the +2 hand axe "Basio" {chop, MP+9 Int+3 Dex+3} (Okawaru gifted it to you in the Dungeon)
  2888 | D        | Noticed a quasit
  2891 | D        | Killed a quasit
  2920 | D        | Noticed a killer bee
  2920 | D        | Noticed a killer bee
  2920 | D        | Noticed a killer bee
  2920 | D        | Noticed a killer bee
  2920 | D        | Noticed a killer bee
  2920 | D        | Noticed a killer bee
  2920 | D        | Noticed a deep elf fighter
  2923 | D        | Killed a killer bee
  2926 | D        | Killed a killer bee
  2930 | D        | Killed a killer bee
  2934 | D        | Killed a killer bee
  2942 | D        | Killed a killer bee
  2944 | D        | Killed a killer bee
  2950 | D        | Killed a deep elf fighter
  3068 | D        | Noticed a black draconian
  3069 | D        | Noticed an ogre
  3069 | D        | Noticed a lindwurm
  3071 | D        | Noticed a necromancer
  3077 | D        | Killed from afar by a lindwurm

Vault maps used:
D:        pitsprint

Action                   |  1- 3 |  4- 6 |  7- 9 | 10-12 || total
-------------------------+-------+-------+-------+-------++-------
Melee: War axe           |    44 |    77 |    56 |       ||   177
       Broad axe         |       |       |    15 |    76 ||    91
  Use: Potion            |       |     4 |     3 |     5 ||    12
  Eat: Chunk             |       |     6 |     1 |       ||     7
       Bread ration      |       |       |     1 |     1 ||     2
